Description

Korean GM Ladder <OG> Zest (P) vs <REC> Innovation (T) Turbo Cruise '84 LE

Protoss Blink Stalker

Terran Standard Opening

Build Order

Get SALT Encoding   

  14  0:18  Pylon  
  16  0:37  Gateway  
  17  0:46  Assimilator  
  20  1:24  Cybernetics Core  
  20  1:42  Pylon, Nexus  
  22  1:49  Assimilator  
  25  2:00  Adept  
  25  2:03  Warp Gate  
  28  2:20  Sentry  
  29  2:33  Twilight Council  
  32  2:44  Stalker  
  35  2:58  Gateway  
  37  3:10  Blink  
  41  3:19  Stalker  
  44  3:35  Gateway  
  45  3:45  Pylon  
  46  3:54  Nexus  
  49  4:03  Stalker  
  51  4:04  Stalker  
  52  4:14  Robotics Facility  
  52  4:20  Assimilator  
  52  4:21  Pylon  
  54  4:28  Stalker x3  
  60  4:42  Pylon  
  60  4:58  Charge  
  60  5:01  Forge  
Spawning Tool Build Advisor. Get it on Overwolf

Go to:

Details

  • Created by: asdasdasda
  • Published on: Jun 03, 2019
  • Modified on: Jun 03, 2019
  • Patch: 4.7.1
Show
View Real Time Build Order
Export as new Build Order

Comments (0)

There are no comments. Be the first!

Create an account to comment!